 Dungeon Crawl Stone Soup version 0.26-a0-710-g95a0c6c400 (webtiles) character file.

Game seed: 1000764685728705774

1511 Glokmah the Firebug (level 8, -17/66 HPs)
             Began as a Black Draconian Fire Elementalist on Oct 30, 2020.
             Was a Follower of Vehumet.
             Demolished by a wight
             ... wielding a +4 morningstar
              (20 damage)
             ... on level 7 of the Dungeon.
             The game lasted 00:16:52 (7015 turns).

Glokmah the Firebug (DrFE)                          Turns: 7015, Time: 00:16:53

Health: -17/66     AC: 10    Str: 11    XL:     8   Next: 53%
Magic:  5/21       EV: 13    Int: 18    God:    Vehumet [*.....]
Gold:   337        SH:  0    Dex: 11    Spells: 4/13 levels left

rFire    . . .     SeeInvis .   a - +1 rapier (drain)
rCold    . . .     Faith    .   (no shield)
rNeg     . . .     Spirit   .   (armour unavailable)
rPois    .         Reflect  .   (helmet restricted)
rElec    +         Harm     .   b - scarf {repulsion}
rCorr    .         Rampage  .   w - +2 pair of gloves
MR       +....                  k - +0 pair of boots
Stlth    ++........             (no amulet)
HPRegen  0.21/turn              j - ring of magical power
MPRegen  0.17/turn              t - ring of protection from magic

@: drained, repel missiles
A: breathe lightning, unfitting armour, electricity resistance, cold-blooded, AC
+6
a: Breathe Lightning, Renounce Religion


You were on level 7 of the Dungeon.
You worshipped Vehumet.
Vehumet was aware of your devotion.
You visited 1 branch of the dungeon, and saw 7 of its levels.
You also visited: Sewer.

You collected 337 gold pieces.

Inventory:

Hand Weapons
 a - a +1 rapier of draining (weapon)
 d - a +1 spear
 u - a +0 short sword of speed
Missiles
 q - 5 boomerangs
 v - 35 poisoned darts (quivered)
 y - a throwing net
 B - 6 curare-tipped darts
 D - 6 atropa-tipped darts
Armour
 b - a scarf of repulsion (worn)
 k - a +0 pair of boots (worn)
 w - a +2 pair of gloves (worn)
Jewellery
 j - a ring of magical power (left hand)
 p - a +6 ring of dexterity
 t - a ring of protection from magic (right hand)
 H - an uncursed amulet of faith {unknown}
Wands
 F - a wand of iceblast (9)
 G - a wand of acid (17)
Scrolls
 c - 2 scrolls of remove curse
 g - 7 scrolls of teleportation
 m - 2 scrolls of enchant weapon
 o - a scroll of blinking
 x - a scroll of magic mapping
 C - a scroll of immolation
Potions
 e - 2 potions of haste
 f - 2 potions of ambrosia
 h - 2 potions of lignification
 i - 2 potions of curing {unknown}
 l - 7 potions of flight
 n - a potion of stabbing
 r - 2 potions of mutation
 s - a potion of cancellation {unknown}
 z - 2 potions of might {unknown}
 A - a potion of brilliance {unknown}
 E - 2 potions of heal wounds {unknown}


   Skills:
 + Level 4.3(3.7) Fighting
 + Level 4.1(3.5) Dodging
 - Level 1.7(1.2) Stealth
 - Level 3.0(2.4) Spellcasting
 * Level 5.7(5.1) Conjurations
 * Level 6.6(6.0) Fire Magic
 + Level 2.1(1.5) Air Magic


You had 4 spell levels left.
You knew the following spells:

 Your Spells              Type           Power        Failure   Level
a - Foxfire               Conj/Fire      ###.         1%          1
b - Conjure Flame         Conj/Fire      ###.....     5%          3
c - Sticky Flame          Conj/Fire      ###.....     17%         4
d - Shock                 Conj/Air       ##..         4%          1

Your spell library contained the following spells:

 Spells                   Type           Power        Failure   Level
 Inner Flame              Hex/Fire       ##......     16%         3
 Fireball                 Conj/Fire      ###.......   43%         5


Dungeon Overview and Level Annotations

Branches:
Dungeon (7/15)              Sewer (visited)
 Temple: D:4-7

Altars:
Cheibriados
Elyvilon
Fedhas
Hepliaklqana
Kikubaaqudgha
Makhleb
Nemelex Xobeh
Vehumet
Wu Jian
Xom
Yredelemnul


Innate Abilities, Weirdness & Mutations

You can breathe wild blasts of lightning.
Your glossy black scales are hard. (AC +6)
You cannot fit into any form of body armour.
You are resistant to electric shocks. (rElec)
You are cold-blooded and may be slowed by cold attacks.


Message History

Casting: Foxfire (safe; 1% risk of failure)
Confirm with . or Enter, or press ? or * to list all spells.
You conjure some foxfire!
The foxfire hits the wight.
The wight is severely damaged.
The foxfire hits the wight.
The wight is moderately damaged.
The orc warrior hits you from afar with a +0 halberd.
* * * LOW HITPOINT WARNING * * *
Unknown command.
Casting: Foxfire (safe; 1% risk of failure)
Confirm with . or Enter, or press ? or * to list all spells.
You conjure some foxfire!
The foxfire hits the wight.
The wight is almost destroyed.
The foxfire hits the wight but does no damage.
The wight is moderately damaged.
The wight hits you but does no damage.
The orc warrior hits you from afar with a +0 halberd!
* * * LOW HITPOINT WARNING * * *
The wight hits you with a +4 morningstar!!
You die...

#.............
########.............
#.......###'##.......
#.......#....#.......
#.......'....+.......
#.......#....#.......
#.......#....#.......
#..vv§###....#.......
#..z@§# .....#.......
#..z)§#......#.......
#.o...#......#.......
########.....###'####.......
....Z...#+#### #.......
..z..≈))≈≈....# #.......
.......≈§≈....# #.......
.....≈≈_≈≈....# #.......
.....≈≈≈≈≈....# #.......


You could see an orc warrior and 2 wights.

Vanquished Creatures
  Maggie (D:6)
  An ogre (D:6)
  A centaur (D:7)
  2 bullfrogs
  A wight (D:7)
  2 howler monkeys
  2 bullfrog zombies
  2 centaur skeletons
  3 hounds
  2 orc wizards
  2 bullfrog skeletons
  4 iguanas
  A worker ant (D:6)
  A killer bee zombie (D:5)
  A hound skeleton (D:2)
  13 adders
  4 gnolls (D:4)
  A river rat (D:3)
  2 white imps
  An adder zombie (D:6)
  An ooze (D:1)
  An adder skeleton (D:5)
  3 worms
  3 dart slugs
  5 leopard geckos
  16 orcs
  8 ball pythons
  13 bats
  9 giant cockroaches
  17 goblins
  14 hobgoblins
  4 jackals (Sewer)
  13 kobolds
  2 quokkas (D:4)
  5 frilled lizards
  A jackal skeleton (D:5)
  A quokka skeleton (D:4)
  A quokka zombie (D:7)
  7 rats
171 creatures vanquished.

Vanquished Creatures (collateral kills)
  A foxfire (D:3)
1 creature vanquished.

Vanquished Creatures (others)
  281 foxfires
281 creatures vanquished.

Grand Total: 453 creatures vanquished

Notes
Turn   | Place    | Note
-------+----------+-------------------------------------------
     0 | D:1      | Glokmah the Draconian Fire Elementalist began the quest for
                  | the Orb.
     0 | D:1      | Reached XP level 1. HP: 14/14 MP: 3/3
   314 | D:1      | Reached XP level 2. HP: 22/22 MP: 0/5
  1066 | D:2      | Reached XP level 3. HP: 17/27 MP: 6/6
  1180 | D:2      | Reached skill level 1 in Fighting
  1638 | D:2      | Reached XP level 4. HP: 35/35 MP: 7/7
  1914 | D:3      | Found a faded altar of an unknown god.
  2176 | D:3      | Found a glowing drain.
  2191 | Sewer    | Entered a sewer
  2243 | Sewer    | Learned a level 3 spell: Conjure Flame
  2426 | Sewer    | Reached skill level 4 in Fire Magic
  2552 | Sewer    | Reached XP level 5. HP: 41/41 MP: 8/8
  2769 | D:3      | Found a shimmering altar of Xom.
  3700 | D:4      | Reached XP level 6. HP: 44/48 MP: 10/10
  4438 | D:4      | Found a burning altar of Makhleb.
  4441 | D:4      | Found a shimmering altar of Xom.
  4441 | D:4      | Found an ornate altar of the Wu Jian Council.
  4441 | D:4      | Found an ancient bone altar of Kikubaaqudgha.
  4441 | D:4      | Found a basalt altar of Yredelemnul.
  4443 | D:4      | Found a radiant altar of Vehumet.
  4443 | D:4      | Found a hazy altar of Hepliaklqana.
  4490 | D:4      | Became a worshipper of Vehumet
  4965 | D:5      | Entered Level 5 of the Dungeon
  5068 | D:5      | Learned a level 4 spell: Sticky Flame
  5111 | D:5      | Reached skill level 5 in Fire Magic
  5206 | D:5      | Your scales start taking on a glossy black colour.
  5206 | D:5      | Reached XP level 7. HP: 56/56 MP: 11/11
  5206 | D:5      | Gained mutation: You are resistant to electric shocks.
                  | (rElec) [Black Draconian growth]
  5556 | D:6      | Found a sparkling altar of Nemelex Xobeh.
  5778 | D:6      | Found a snail-covered altar of Cheibriados.
  5787 | D:6      | Noticed Maggie
  5811 | D:6      | Killed Maggie
  5962 | D:6      | Found a white marble altar of Elyvilon.
  5988 | D:6      | Reached * piety under Vehumet
  5988 | D:6      | Offered knowledge of Shock by Vehumet.
  5988 | D:6      | Reached skill level 6 in Fire Magic
  5988 | D:6      | Reached XP level 8. HP: 56/66 MP: 12/12
  6036 | D:6      | Learned a level 1 spell: Shock
  6235 | D:6      | Reached skill level 5 in Conjurations
  6640 | D:6      | Reached skill level 1 in Air Magic
  6987 | D:7      | Found a blossoming altar of Fedhas.
  7015 | D:7      | HP: 3/66 [orc warrior/+0 halberd (14)]
  7015 | D:7      | Demolished by a wight

Illustrated notes

Levels and vault maps discovered:
D:1:      dpeg_arrival_chambers_temple_mockup, layout_loops_ring,
          kennysheep_flooded_box
D:2:      layout_basic
D:3:      layout_loops_ring, chequers_ecumenical_altar_lobes,
          portal_sewer_entry_b, lemuel_altar_in_water
D:4:      corexii_shantytown, layout_basic, grunt_temple_overflow_open,
          kennysheep_big_empty_room
D:5:      layout_cave_pools
D:6:      layout_loops_ring, kennysheep_slug_shrine,
          nemelex_xobeh_ov_fountains_minmay, elyvilon_altar_3, uniq_maggie
D:7:      layout_gridville, lemuel_temple_firewalk_b, serial_shops, shop,
          fedhas_altar_2

Skill      XL: |  1  2  3  4  5  6  7  8 |
---------------+-------------------------+-----
Dodging        | 2 3 4 |  4.1
Fighting       | 1 2 3 4 |  4.3
Conjurations   | 2 3 4 5 |  5.7
Fire Magic     | 4 5 6 |  6.6
Spellcasting   | 3 |  3.0
Air Magic      | 2 |  2.1
Stealth        | |  1.7

Action                   |  1- 3 |  4- 6 |  7- 9 || total
-------------------------+-------+-------+-------++-------
Melee: Spear             |    25 |       |     7 ||    32
       Tailslap          |     2 |    10 |     5 ||    17
       Rapier            |    34 |   225 |    66 ||   325
 Cast: Foxfire           |    31 |    46 |    86 ||   163
       Conjure Flame     |       |     1 |     1 ||     2
       Shock             |       |       |    17 ||    17
 Abil: Breathe Lightning |       |       |     3 ||     3
  Use: Scroll            |     5 |     9 |     3 ||    17
 Stab: Sleeping          |     3 |     6 |     2 ||    11
Armor: Skin              |     7 |    76 |    35 ||   118
Dodge: Dodged            |    44 |   156 |    71 ||   271
       Repelled          |     1 |       |     1 ||     2

Table legend: (Time is in decaauts)
 A = Elapsed time spent in this place.
 B = Non-inter-level travel time spent in this place.
 C = Inter-level travel time spent in this place.
 D = Time resting spent in this place.
 E = Time spent auto-exploring this place.
 F = Levels seen in this place.
 G = Mean time per level.
                   A        B        C        D        E       F      G
               +--------+--------+--------+--------+--------+-----+--------+
         Total |   7215 |   6716 |    499 |    776 |   3986 |   8 |  901.9 |
       Dungeon |   6540 |   6041 |    499 |    748 |   3569 |   7 |  934.3 |
         Sewer |    674 |    674 |      0 |     28 |    416 |   1 |  674.0 |
               +--------+--------+--------+--------+--------+-----+--------+

Top non-repeatable levels by time:
     D:4: 1607 daAuts
     D:6: 1144 daAuts
     D:3: 1050 daAuts
     D:2: 910 daAuts
     D:1: 907 daAuts
   Sewer: 674 daAuts
     D:5: 620 daAuts
     D:7: 301 daAuts
